 Dungeon Crawl Stone Soup version 0.28-a0-771-g91a516d0e7 (webtiles) character file.

Game seed: 18142656384913608625

8684 d0nkey4 the Arsonist (level 11, -13/115 HPs)
             Began as an Ogre Cinder Acolyte on Nov 1, 2021.
             Was an Initiate of Ignis.
             Mangled by a cane toad (20 damage)
             ... on level 1 of the Lair of Beasts.
             The game lasted 01:10:10 (19715 turns).

d0nkey4 the Arsonist (Ogre Cinder Acolyte)         Turns: 19715, Time: 01:10:13

Health: -13/115    AC:  6    Str: 26    XL:     11   Next: 34%
Magic:  18/23      EV: 13    Int: 18    God:    Ignis [......]
Gold:   504        SH:  0    Dex:  4    Spells: 22/27 levels left

rFire   + . .      SeeInvis .   a - +2 hand axe (flame)
rCold   . . .      Faith    .   (no shield)
rNeg    . . .      Spirit   .   b - +0 robe
rPois   .          Reflect  .   d - +2 hat
rElec   .          Harm     .   c - +0 cloak
rCorr   .          Rampage  .   (gloves unavailable)
Will    +....                   (boots unavailable)
Stlth   +.........              (no amulet)
HPRegen 0.29/turn               f - +6 ring of strength
MPRegen 0.18/turn               j - +4 ring of evasion

@: lethally poisoned (-13 -> -29)
A: large, unfitting armour, tough skin 1
a: Renounce Religion


You were on level 1 of the Lair of Beasts.
You worshipped Ignis.
Ignis was noncommittal.
You visited 3 branches of the dungeon, and saw 12 of its levels.

You collected 579 gold pieces.
You spent 75 gold pieces at shops.

Inventory:

Hand Weapons
 a - a +2 hand axe of flaming (weapon)
 q - a +1 morningstar of flaming
Missiles
 y - 2 throwing nets (quivered)
Armour
 b - a +0 robe (worn)
 c - a +0 cloak (worn)
 d - a +2 hat (worn)
Jewellery
 f - a +6 ring of strength (left hand)
 j - a +4 ring of evasion (right hand)
Wands
 B - a wand of iceblast (11)
Scrolls
 h - 2 scrolls of vulnerability {unknown}
 i - a scroll of teleportation {unknown}
 k - 5 scrolls of identify
 p - a scroll of fear
 s - 2 scrolls of silence {unknown}
 t - a scroll of noise {unknown}
 u - 2 scrolls of magic mapping {unknown}
Potions
 e - a potion of berserk rage
 l - 3 potions of invisibility
 m - 2 potions of degeneration
 n - a potion of ambrosia {unknown}
 o - 2 potions of brilliance
 r - 3 potions of lignification
 v - 3 potions of haste
 w - 4 potions of might {unknown}
 x - a potion of magic {unknown}
 z - a potion of resistance {unknown}
 A - a potion of attraction {unknown}


   Skills:
 * Level 9.0 Fighting
 * Level 9.0 Axes
 + Level 3.7 Dodging
 + Level 8.9 Spellcasting
 * Level 10.1 Fire Magic


You had 22 spell levels left.
You knew the following spells:

 Your Spells              Type           Power      Damage    Failure   Level
a - Scorch                Fire           88%        2d9       1%          2
b - Teleport Other        Tloc           8%         N/A       26%         3

Your spell library contained the following spells:

 Spells                   Type           Power      Damage    Failure   Level
 Sandblast                Erth           16%        2d6       9%          1
 Passwall                 Tmut/Erth      6%         N/A       14%         2
 Call Canine Familiar     Summ           8%         N/A       26%         3
 Gell's Gravitas          Tloc           4%         N/A       26%         3
 Portal Projectile        Hex/Tloc       16%        N/A       26%         3
 Stone Arrow              Conj/Erth      16%        3d8       26%         3
 Leda's Liquefaction      Hex/Erth       4%         N/A       65%         4
 Dispersal                Tloc           4%         N/A       100%        6


Dungeon Overview and Level Annotations

Branches:
Dungeon (10/15)            Temple (1/1) D:4            Lair (1/6) D:9
    Orc (0/2) D:9

Altars:
Cheibriados
Dithmenos
Elyvilon
Fedhas
Gozag
Hepliaklqana
Kikubaaqudgha
Makhleb
Nemelex Xobeh
Okawaru
Ru
Trog
Uskayaw
Vehumet
Wu Jian
Xom
Yredelemnul
Zin
The Shining One
Lugonu

Shops:
D:2 ?

Annotations:
D:3 exclusion: downstairs
D:4 2 transporters
D:10 Psyche


Innate Abilities, Weirdness & Mutations

You are too large for most types of armour.
You have tough skin. (AC +1)


Message History

The cane toad stings you!
You hit the cane toad. You burn the cane toad.
The cane toad is moderately wounded.
The cane toad stings you!
You hit the cane toad. You burn the cane toad.
The cane toad is heavily wounded.
The cane toad misses you.
You barely miss the cane toad.
The cane toad is heavily wounded.
The cane toad stings you.
You are poisoned.
The cane toad poisons you!
You hit the cane toad. You burn the cane toad.
The cane toad is heavily wounded.
You feel very sick.
The cane toad is no longer more vulnerable to fire.
The cane toad stings you!
You are more poisoned.
The cane toad poisons you!
Casting: Scorch (safe; 1% risk of failure)
Confirm with . or Enter, or press ? or * to list all spells.
Flames lash the cane toad.
The cane toad is heavily wounded.
The cane toad's fire resistance burns away.
You feel extremely sick. The cane toad closely misses you.
Casting: Scorch (safe; 1% risk of failure)
Confirm with . or Enter, or press ? or * to list all spells.
Flames lash the cane toad.
The cane toad is burned terribly!
The cane toad is almost dead.
You feel very sick. The cane toad stings you!!
* * * LOW HITPOINT WARNING * * *
You closely miss the cane toad.
The cane toad is almost dead.
* * * LOW HITPOINT WARNING * * *
You feel very sick.
The cane toad is no longer more vulnerable to fire.
The cane toad stings you!!
You die...

### ##.#### ## ### #...#.#
#.###.###.....#### #####
.......##........## #...#
#.#..#.........F@.## ###.###
##.รท#.#####.......######..##
#....## ###............#.#
#....## ###...####...###
##....# ##.## #..## #...<#
### ##.# ##....# #.## ###..#
#### #..# ####
#########..###..#


You could see a cane toad.

Vanquished Creatures
  A two-headed ogre (D:9)
  Maggie (D:6)
  3 komodo dragons (Lair:1)
  A hornet (D:8)
  2 blink frogs (Lair:1)
  2 wyverns
  2 wraiths
  8 yaks
  A steam dragon (D:6)
  3 wargs (D:8)
  An acid dragon (D:8)
  3 water moccasins
  An orc warrior (D:7)
  3 black bears
  2 necrophages (D:4)
  An ice beast (D:6)
  A sky beast (D:7)
  3 ogres
  5 centaurs
  4 phantoms
  5 bullfrogs
  A gnoll sergeant (D:8)
  5 scorpions
  3 troll zombies (D:9)
  2 howler monkeys
  2 bullfrog zombies
  A centaur zombie (D:8)
  2 hounds
  A jelly (D:5)
  A bullfrog skeleton (D:5)
  4 orc priests
  3 gnoll shamans
  2 iguanas
  8 orc wizards
  Natasha (thrice) (D:3)
  A scorpion zombie (D:5)
  A killer bee zombie (D:4)
  5 ogre zombies (D:9)
  A howler monkey zombie (D:7)
  25 gnolls
  A howler monkey skeleton (D:6)
  6 adders
  2 shadow imps
  A white imp (D:5)
  4 worms
  2 dart slugs
  12 orcs
  6 endoplasms
  4 giant cockroaches
  10 goblins
  9 hobgoblins
  4 jackals
  3 quokkas
  6 ball pythons
  4 bats
  2 frilled lizards
  A goblin zombie (D:9)
  3 hobgoblin zombies (D:9)
  4 kobolds
  3 orc skeletons (D:9)
  18 orc zombies (D:9)
  6 rats
235 creatures vanquished.

Vanquished Creatures (others)
  An orc wizard (D:6)
  3 demonic plants (Temple)
  42 foxfires
  4 fungi (Lair:1)
  2 plants
52 creatures vanquished.

Grand Total: 287 creatures vanquished

Notes
Turn   | Place    | Note
-------+----------+-------------------------------------------
     0 | D:1      | d0nkey4 the Ogre Cinder Acolyte began the quest for the
                  | Orb.
     0 | D:1      | Reached XP level 1. HP: 24/24 MP: 2/2
   172 | D:1      | Reached XP level 2. HP: 26/32 MP: 4/4
   176 | D:1      | Learned a level 2 spell: Scorch
   776 | D:1      | Reached skill level 3 in Fire Magic
   860 | D:1      | Reached XP level 3. HP: 40/40 MP: 5/5
  1398 | D:2      | Found a snail-covered altar of Cheibriados.
  1682 | D:2      | Reached XP level 4. HP: 38/49 MP: 4/7
  1712 | D:2      | Noticed Natasha
  1743 | D:3      | Killed Natasha
  1744 | D:3      | Reached skill level 1 in Dodging
  2110 | D:2      | Found Toicin's Magic Scroll Emporium.
  2745 | D:2      | Reached XP level 5. HP: 55/55 MP: 9/9
  3132 | D:3      | Found a faded altar of an unknown god.
  3595 | D:3      | Noticed Natasha
  3620 | D:3      | Killed Natasha
  3704 | D:3      | Noticed Natasha
  4098 | D:3      | Killed Natasha
  4371 | D:2      | Bought a scroll of enchant weapon for 75 gold pieces
  4563 | D:4      | Found a staircase to the Ecumenical Temple.
  4600 | D:4      | Noticed a necrophage
  4645 | D:4      | Found a transporter.
  4650 | D:4      | Found a transporter.
  4650 | D:4      | Noticed an orc warrior
  4655 | D:4      | Noticed a steam dragon
  4670 | D:4      | Killed a necrophage
  4671 | D:4      | Reached XP level 6. HP: 63/63 MP: 1/10
  4863 | D:4      | Reached skill level 4 in Fire Magic
  5080 | D:4      | Reached XP level 7. HP: 57/71 MP: 5/12
  5199 | D:4      | Found a sparkling altar of Nemelex Xobeh.
  5227 | D:5      | Entered Level 5 of the Dungeon
  5617 | D:5      | Reached skill level 5 in Fire Magic
  5711 | D:4      | Reached skill level 5 in Fighting
  5711 | D:4      | Reached skill level 5 in Axes
  5766 | D:4      | Reached XP level 8. HP: 72/80 MP: 9/15
  6100 | Temple   | Entered the Ecumenical Temple
  6445 | D:4      | You fall into a shaft and drop 1 floor!
  6576 | D:4      | Reached skill level 5 in Spellcasting
  7345 | D:4      | Reached skill level 6 in Fire Magic
  9049 | D:6      | Reached XP level 9. HP: 37/89 MP: 13/18
  9275 | D:6      | Found a shimmering altar of Xom.
  9362 | D:6      | Found a blossoming altar of Fedhas.
  9376 | D:6      | Found a snail-covered altar of Cheibriados.
  9451 | D:6      | Reached skill level 7 in Fire Magic
  9530 | D:6      | Noticed Maggie
 10181 | D:6      | Learned a level 3 spell: Teleport Other
 10227 | D:6      | Killed Maggie
 10629 | D:6      | Found a bloodstained altar of Trog.
 11077 | D:6      | Found a white marble altar of Elyvilon.
 11597 | D:7      | Reached skill level 8 in Fire Magic
 12214 | D:6      | Reached XP level 10. HP: 72/102 MP: 17/20
 12706 | D:7      | Found a basalt altar of Yredelemnul.
 14234 | D:8      | You fall into a shaft and drop 2 floors!
 14234 | D:10     | Entered Level 10 of the Dungeon
 14412 | D:9      | Reached skill level 9 in Fire Magic
 14915 | D:8      | Found an opulent altar of Gozag.
 15272 | D:9      | Noticed a two-headed ogre
 15567 | D:10     | Noticed Psyche
 16334 | D:9      | Killed a two-headed ogre
 16677 | D:9      | Found a staircase to the Orcish Mines.
 16929 | D:8      | Reached XP level 11. HP: 45/113 MP: 19/23
 17253 | D:9      | Paralysed by a hornet for 2 turns
 17256 | D:8      | Paralysed by a hornet for 2 turns
 17959 | D:9      | Found a staircase to the Lair.
 18469 | Lair:1   | Entered Level 1 of the Lair of Beasts
 19152 | Lair:1   | Reached skill level 10 in Fire Magic
 19715 | Lair:1   | Mangled by a cane toad

Illustrated notes

Levels and vault maps discovered:
D:1:      minmay_arrival_diagonal_passages, layout_basic, serial_aquarium,
          aquarium_bridge_long_separate [aquarium_subvault_bridge,
          aquarium_subvault_bridge, aquarium_subvault_bridge,
          aquarium_subvault_window, aquarium_subvault_window,
          aquarium_subvault_bridge], aquarium_window_fake, aquarium_window_2,
          aquarium_window_1, aquarium_window_fake, aquarium_view_2a,
          st_stairs_1, minmay_box_of_dots
D:2:      layout_basic, basic_altar, serial_shops, nicolae_shop_crystal,
          uniq_natasha
D:3:      layout_loops_corners, hellmonk_ecumenical_altar_zigzags,
          serial_park_tiny_pond
D:4:      layout_layer_cave, gammafunk_temple_overflow_arena,
          minmay_temple_entry_drinking_statues, ebering_dispersal_statue_hall
D:5:      kennysheep_spiral_hall, layout_loops_ring
D:6:      layout_basic, marbit_many_paths, nicolae_elyvilon_temple_path,
          mainiacjoe_overflow_paths, amethyst_overflow_temple_binary,
          uniq_maggie
D:7:      layout_basic, mainiacjoe_overflow_tiny_flanked
D:8:      layout_basic, nicolae_gozag_cash_rules_everything_around_me
D:9:      layout_loops_cross, erik_lair_orcish_takeover, zombieorc2_lemuel,
          nicolae_zen_rock_garden
D:10:     wad_cavern_with_rooms, layout_basic, gammafunk_temple_overflow_claw,
          uniq_josephine, uniq_psyche, uniq_nergalle
Temple:   kb_corrupted_temple
Lair:1:   layout_cave_pods, amcnicky_altar_lugonu_corruption, grunt_megastairs_5

Skill      XL: |  1  2  3  4  5  6  7  8  9 10 11 |
---------------+----------------------------------+-----
Fire Magic     | 3 4 5 6 8 9 10 | 10.1
Spellcasting   | 2 3 4 6 7 8 |  8.9
Dodging        | 1 2 3 |  3.7
Axes           | 4 5 7 8 9 |  9.0
Fighting       | 5 6 7 8 9 |  9.0

Action                   |  1- 3 |  4- 6 |  7- 9 | 10-12 || total
-------------------------+-------+-------+-------+-------++-------
Melee: Hand axe          |    91 |   122 |   202 |   275 ||   690
Throw: Throwing net      |       |       |       |     2 ||     2
 Cast: Scorch            |    11 |    30 |   102 |   105 ||   248
Invok: Sea of Fire       |       |     2 |     4 |       ||     6
       Foxfire Swarm     |       |       |     1 |     1 ||     2
       Rising Flame      |       |       |     1 |     1 ||     2
  Use: Scroll            |       |     2 |     2 |     4 ||     8
       Potion            |       |       |     5 |     3 ||     8
Armor: Robe              |    37 |    54 |    82 |    91 ||   264
Dodge: Dodged            |    42 |    72 |   128 |   281 ||   523

Table legend: (Time is in decaauts)
 A = Elapsed time spent in this place.
 B = Non-inter-level travel time spent in this place.
 C = Inter-level travel time spent in this place.
 D = Time resting spent in this place.
 E = Time spent auto-exploring this place.
 F = Levels seen in this place.
 G = Mean time per level.
                   A        B        C        D        E       F      G
               +--------+--------+--------+--------+--------+-----+--------+
         Total |  19827 |  19099 |    728 |   8579 |   5905 |  12 | 1652.2 |
       Dungeon |  18727 |  17999 |    728 |   8003 |   5833 |  10 | 1872.7 |
        Temple |    159 |    159 |      0 |      0 |     72 |   1 |  159.0 |
          Lair |    940 |    940 |      0 |    576 |      0 |   1 |  940.0 |
               +--------+--------+--------+--------+--------+-----+--------+

Top non-repeatable levels by time:
     D:8: 3153 daAuts
     D:5: 2546 daAuts
     D:6: 2348 daAuts
     D:9: 2167 daAuts
     D:4: 2141 daAuts
     D:3: 2133 daAuts
     D:7: 1443 daAuts
     D:1: 1408 daAuts
     D:2: 1134 daAuts
  Lair:1: 940 daAuts
    D:10: 249 daAuts
  Temple: 159 daAuts
